 Dungeon Crawl Stone Soup version 0.20-b1-24-gb21faa7 (webtiles) character file.

605 torrenera the Firebug (level 6, -1/45 HPs)
             Began as a Demigod Fire Elementalist on May 25, 2017.
             Slain by a phantom (9 damage)
             ... on level 5 of the Dungeon.
             The game lasted 00:17:39 (6333 turns).

torrenera the Firebug (Demigod Fire Elementalist)   Turns: 6333, Time: 00:17:39

Health: -1/45      AC:  6    Str: 11      XL:     6   Next: 98%
Magic:  7/13       EV: 12    Int: 23      God:
Gold:   222        SH:  0    Dex: 15 (16) Spells: 6/10 levels left

rFire    . . .     SeeInvis .   l - staff of conjuration
rCold    . . .     Gourm    .   (no shield)
rNeg     . . .     Faith    .   a - +0 robe
rPois    +         Spirit   .   (no helmet)
rElec    .         Reflect  .   (no cloak)
rCorr    .         Harm     .   (no gloves)
MR       .....     Rnd*Tele +   (no boots)
Stlth    ++........             (no amulet)
Regen    0.2/turn               k - ring of poison resistance
MPRegen  0.2/turn               (no ring)

@: no status effects
A: slimy green scales 1, yellow scales 1, high mp 1, teleportitis 1, sturdy
frame 1
a: no special abilities


You were on level 5 of the Dungeon.
You were not hungry.

You visited 1 branch of the dungeon, and saw 5 of its levels.

You collected 222 gold pieces.

Inventory:

Hand Weapons
 j - a +0 hunting sling
 r - a +0 hand axe
 y - the +9 hunting sling "Haarocs" {venom, +Blink Int+3, unknown}
   (You found it on level 5 of the Dungeon)

   It poisons the ammo it fires.
   It affects your intelligence (+3).
   It lets you blink.
Missiles
 g - 40 sling bullets
 m - 202 stones (quivered)
 q - 23 poisoned needles
Armour
 a - a +0 robe (worn)
Magical Staves
 l - an uncursed staff of conjuration (weapon)
Jewellery
 k - a ring of poison resistance (left hand)
Wands
 f - a wand of iceblast (9/15)
 v - a wand of flame (25/48)
Scrolls
 d - 12 scrolls of identify {unknown}
 e - 4 scrolls of remove curse {unknown}
 h - 3 scrolls of enchant weapon {unknown}
 n - 2 scrolls of blinking {unknown}
 o - a scroll of fear {unknown}
 s - 3 scrolls of magic mapping {unknown}
 w - 2 scrolls of teleportation {unknown}
Potions
 i - a potion of flight
 u - a potion of invisibility
Books
 b - a book of Flames

   Spells                             Type                      Level
   a - Flame Tongue                   Conjuration/Fire             1
   b - Throw Flame                    Conjuration/Fire             2
   c - Conjure Flame                  Conjuration/Fire             3
   d - Inner Flame                    Hexes/Fire                   3
   e - Sticky Flame                   Conjuration/Fire             4
   f - Fireball                       Conjuration/Fire             5
Comestibles
 c - 3 bread rations
 t - a meat ration
 x - 2 fruits


   Skills:
 - Level 1.7 Dodging
 - Level 1.7 Stealth
 * Level 2.9 Spellcasting
 - Level 0.8 Conjurations
 + Level 7.1 Fire Magic


You had 6 spell levels left.
You knew the following spells:

 Your Spells              Type           Power        Failure   Level  Hunger
a - Flame Tongue          Conj/Fire      ####.        2%          1    None
b - Conjure Flame         Conj/Fire      ####....     7%          3    ###....


Dungeon Overview and Level Annotations

Branches:
Dungeon (5/15)             Temple (0/1) D:4

Annotations:
D:5 1 transporter


Innate Abilities, Weirdness & Mutations

You have an increased reservoir of magic. (+10% MP)
You are partially covered in slimy green scales. (AC +2)
You are partially covered in yellow scales. (AC +2)
You are occasionally teleported next to monsters.
Your movements are slightly less encumbered by armour. (ER -2)


Message History

The orc misses you.
Casting: Flame Tongue
Confirm with . or Enter, or press ? or * to list all spells.
Aiming: Flame Tongue
Press: ? - help, Shift-Dir - straight line, f/p - centaur
Aim: a centaur (severely wounded)
You feel a surge of power!
The flame tongue hits the centaur.
The centaur is almost dead.
The centaur hits you but does no damage.
The orc hits you with a falchion.
* * * LOW HITPOINT WARNING * * *
Casting: Flame Tongue
Confirm with . or Enter, or press ? or * to list all spells.
Aiming: Flame Tongue
Press: ? - help, Shift-Dir - straight line, f/p - centaur
Aim: a centaur (almost dead)
You feel a surge of power!
The flame tongue hits the centaur.
You kill the centaur!
The phantom hits you!
You die...

#........#.# .. #..........#.#
############.##.#........#.####
..............#.#.#.#.#.#.#.#.##
#############..................#
#.#.#.#.#.#.#.#.#.##
................[.#
#.#.#o#.#.#.#.#.#.##
#..)@W(...(.<......#
#.#.#.#(#.#.#.#.#.##
#..................#
#.#.#.#.#.#.#.#.#.##
#........(.........#
#.#.#.#.#.#.#.#.#.##
#.....############# #######


You could see a phantom and an orc.

Vanquished Creatures
  An ogre (D:4)
  A centaur (D:5)
  A howler monkey (D:4)
  An electric eel (D:5)
  2 hounds (D:4)
  An orc wizard (D:3)
  A worker ant (D:5)
  Ijyb (D:3)
  3 gnolls (D:2)
  7 adders
  2 oozes
  3 worms (D:2)
  2 dart slugs
  4 leopard geckos
  9 orcs
  8 bats
  5 giant cockroaches
  17 goblins
  10 hobgoblins
  13 jackals
  4 quokkas
  2 ball pythons
  2 frilled lizards
  A giant cockroach zombie (D:5)
  A jackal skeleton (D:4)
  4 kobolds
  A quokka skeleton (D:5)
  9 rats
116 creatures vanquished.

Notes
Turn   | Place    | Note
-------+----------+-------------------------------------------
     0 | D:1      | torrenera the Demigod Fire Elementalist began the quest for the Orb.
     0 | D:1      | Reached XP level 1. HP: 14/14 MP: 5/5
   113 | D:1      | Reached skill level 3 in Fire Magic
   321 | D:1      | Reached XP level 2. HP: 20/20 MP: 5/7
   662 | D:2      | HP: 1/20 [quokka (2)]
  1226 | D:2      | Found an opulent altar of Gozag.
  1227 | D:2      | Found a bloodstained altar of Trog.
  1293 | D:2      | Reached XP level 3. HP: 26/26 MP: 8/8
  1349 | D:1      | Reached skill level 4 in Fire Magic
  2490 | D:2      | Reached XP level 4. HP: 33/33 MP: 3/9
  2999 | D:3      | Learned a level 3 spell: Conjure Flame
  3093 | D:3      | Reached skill level 5 in Fire Magic
  3798 | D:3      | Noticed Ijyb
  3811 | D:3      | Gained mutation: You are occasionally teleported next to monsters. [potion of mutation]
  3811 | D:3      | Gained mutation: You are partially covered in yellow scales. (AC +2) [potion of mutation]
  3811 | D:3      | Gained mutation: Your movements are slightly less encumbered by armour. (ER -2) [potion of mutation]
  3811 | D:3      | Gained mutation: You are partially covered in slimy green scales. (AC +2) [potion of mutation]
  3830 | D:3      | Killed Ijyb
  3830 | D:3      | Reached XP level 5. HP: 29/38 MP: 2/10
  3945 | D:3      | Found a white marble altar of Elyvilon.
  4142 | D:4      | Noticed an ogre
  4494 | D:3      | Reached skill level 6 in Fire Magic
  4892 | D:4      | Found a shattered altar of Ashenzari.
  5080 | D:4      | Found a staircase to the Ecumenical Temple.
  5177 | D:4      | Killed an ogre
  5177 | D:4      | Reached XP level 6. HP: 45/45 MP: 1/12
  5905 | D:5      | Entered Level 5 of the Dungeon
  6307 | D:5      | Reached skill level 7 in Fire Magic
  6315 | D:5      | Got a scorched hunting sling
  6333 | D:5      | Slain by a phantom

Skill      XL: |  1  2  3  4  5  6 |
---------------+-------------------+-----
Fire Magic     | 3 4 5 6 7 |  7.1
Spellcasting   | 2 |  2.9
Dodging        | |  1.7
Stealth        | |  1.7
Conjurations   | |  0.8

Action                   |  1- 3 |  4- 6 || total
-------------------------+-------+-------++-------
Melee: Unarmed           |     1 |       ||     1
       Dagger            |    49 |    43 ||    92
       Staff             |       |    14 ||    14
 Fire: Hunting sling     |     7 |     4 ||    11
Throw: Stone             |       |     2 ||     2
 Cast: Flame Tongue      |    81 |   159 ||   240
       Conjure Flame     |       |     2 ||     2
Evoke: Wand              |       |     1 ||     1
  Use: Potion            |       |     6 ||     6
 Stab: Sleeping          |     2 |     2 ||     4
  Eat: Chunk             |     6 |    14 ||    20
Armor: Robe              |    12 |    60 ||    72
Dodge: Dodged            |    74 |   130 ||   204
